 Dungeon Crawl Stone Soup version 0.29.0-4-gdea44cf6ec (webtiles) character file.

Game seed: 912999327815464180

221 qw the Chopper (level 5, 0/30 HPs)
             Began as a Tengu Warper on Aug 28, 2022.
             Slain by a gnoll
             ... wielding a +0 spear
             ... led by a gnoll bouda
              (5 damage)
             ... on level 3 of the Dungeon.
             The game lasted 00:00:14 (3146 turns).

qw the Chopper (Tengu Warper)                       Turns: 3146, Time: 00:00:15

Health: 0/30       AC:  6    Str: 14    XL:     5   Next: 98%
Magic:  9/9        EV: 11    Int: 13    God:
Gold:   160        SH:  0    Dex: 13    Spells: 8/8 levels left

rFire   . . .      SeeInvis .   Y - +1 hand axe
rCold   . . .      Faith    .   (no shield)
rNeg    . . .      Spirit   .   c - +0 scale mail
rPois   .          Reflect  .   (helmet restricted)
rElec   .          Harm     .   (no cloak)
rCorr   .          Rampage  .   (no gloves)
Will    .....                   (boots unavailable)
Stlth   ..........              (no amulet)
HPRegen 0.10/turn               (no ring)
MPRegen 0.11/turn               (no ring)

@: weakened, flying quickly and evasively, quick
A: beak, talons 3, nimble flight
a: no special abilities


You were on level 3 of the Dungeon.
You visited 1 branch of the dungeon, and saw 3 of its levels.

You collected 160 gold pieces.


Innate Abilities, Weirdness & Mutations

You have a beak for a mouth.
You have claws for feet.
Your magical nature lets you fly swiftly and evasively.


   Skills:
 - Level 2.0 Fighting
 + Level 6.6 Axes
 - Level 1.0 Throwing
 - Level 1.1 Armour
 - Level 2.1 Dodging
 - Level 2.0 Spellcasting
 - Level 2.4 Translocations


You had 8 spell levels left.
You didn't know any spells.
Your spell library contained the following spells:

 Spells                   Type           Power      Damage    Failure   Level
 Blink                    Tloc           14%        N/A       54%         2
 Gell's Gravitas          Tloc           7%         N/A       77%         3
 Lesser Beckoning         Tloc           7%         N/A       77%         3
 Teleport Other           Tloc           7%         N/A       77%         3
 Manifold Assault         Tloc           7%         N/A       100%        5

Inventory:

Hand Weapons
 a - a +0 mace
 Y - a +1 hand axe (weapon)
Armour
 c - a +0 scale mail (worn)
Jewellery
 j - a ring of ice
Scrolls
 d - a scroll of torment {unknown}
 f - a scroll of immolation {unknown}
 k - 2 scrolls of identify
Potions
 b - 2 potions of curing {unknown}
 e - 2 potions of mutation {unknown}
 g - a potion of attraction {unknown}
 h - a potion of lignification {unknown}
 i - 2 potions of brilliance {unknown}

Dungeon Overview and Level Annotations

Branches:
Dungeon (3/15)

Altars:
Xom
The Shining One


Message History

You closely miss the gnoll. You claw the gnoll. Your peck misses the gnoll.
The gnoll is heavily wounded.
The gnoll hits you with a +0 halberd. The gnoll hits you but does no damage.
The gnoll bouda barks out a call to the hunt!
The gnolls pick up the pace!
You hit the gnoll.
You kill the gnoll!
The gnoll closely misses you.
You slash the kobold!
You kill the kobold!
The gnoll hits you but does no damage.
You barely miss the gnoll bouda.
You peck the gnoll bouda, but do no damage.
The gnoll closely misses you.
The gnoll bouda hits you with a +0 club!
You barely miss the gnoll bouda. You peck the gnoll bouda.
The gnoll bouda is lightly wounded.
The gnoll hits you but does no damage.
The gnoll bouda hits you with a +0 club.
You barely miss the gnoll bouda.
The gnoll bouda is lightly wounded.
The gnoll hits you from afar with a +0 spear.
The gnoll bouda gazes fiercely through you!
You feel your attacks grow feeble.
The gnoll bouda hits you with a +0 club.
You hit the gnoll bouda but do no damage.
You claw the gnoll bouda, but do no damage.
You peck the gnoll bouda, but do no damage.
The gnoll bouda is lightly wounded.
The gnoll hits you from afar with a +0 spear.
The gnoll bouda hits you but does no damage.
You hit the gnoll bouda. You claw the gnoll bouda.
The gnoll bouda is moderately wounded.
The gnoll hits you from afar with a +0 spear.
The gnoll bouda closely misses you.
You hit the gnoll bouda but do no damage.
Your kick misses the gnoll bouda.
The gnoll bouda is moderately wounded.
The gnoll hits you from afar with a +0 spear.
You die...

########.##.# #....###.# #
#....'...# #....##..# ####
#....##..# .7.# #....##..#
...# #....##..# ...#
####...#..######ggg#
#/.....#.......@#
#%#######.#####.#
#.......#.......#
#.....#.#.#######
##.##.#.#.#######.#######
#.##.#.#.........#.....####
#.#.<#.#.#########........#
#...##.#..###............<#
###.##.##......###.......!#


You could see a gnoll bouda and 2 gnolls.

Vanquished Creatures
  4 crimson imps (D:3)
  Terence (D:3)
  A gnoll (D:3)
  An adder (D:2)
  A worm (D:3)
  An orc (D:3)
  A ball python (D:1)
  6 endoplasms
  2 giant cockroaches
  2 goblins
  7 hobgoblins
  A quokka (D:3)
  3 bats
  3 frilled lizards
  6 kobolds
  3 rats
43 creatures vanquished.

Notes
Turn   | Place    | Note
-------+----------+-------------------------------------------
     0 | D:1      | qw the Tengu Warper began the quest for the Orb.
     0 | D:1      | Reached XP level 1. HP: 12/12 MP: 4/4
     0 | D:1      | 0 ||| qw: Version: 0.1-a-89-g26bdef1
     0 | D:1      | 0 ||| qw: Game counter: 1010
     0 | D:1      | 0 ||| qw: Always use a shield: true
     0 | D:1      | 0 ||| qw: God list: Okawaru
     0 | D:1      | 0 ||| qw: Allow faded altars: false
     0 | D:1      | 0 ||| qw: Do Orc after D:15 true
     0 | D:1      | 0 ||| qw: Do second Lair branch before Depths: true
     0 | D:1      | 0 ||| qw: Lair rune preference: random
     0 | D:1      | 0 ||| qw: Plans: Normal
     0 | D:1      | 0 ||| PLANNING D:1-11
   137 | D:1      | 137 ||| Stepping ~*~*~tactically~*~*~ (stealth).
   232 | D:1      | 232 ||| Stepping ~*~*~tactically~*~*~ (stealth).
   260 | D:1      | 260 ||| Stepping ~*~*~tactically~*~*~ (stealth).
   326 | D:1      | 326 ||| Stepping ~*~*~tactically~*~*~ (stealth).
   327 | D:1      | 327 ||| Stepping ~*~*~tactically~*~*~ (stealth).
   331 | D:1      | 331 ||| Stepping ~*~*~tactically~*~*~ (stealth).
   337 | D:1      | Reached skill level 3 in Axes
   337 | D:1      | Reached XP level 2. HP: 12/17 MP: 6/6
   434 | D:1      | Found a faded altar of an unknown god.
  1277 | D:1      | 1277 ||| UPGRADING to +0 ring mail.
  1287 | D:1      | 1287 ||| DROPPING +0 leather armour.
  1288 | D:1      | 1288 ||| READING scroll labelled GURHOI ULEOFEP.
  1289 | D:1      | 1289 ||| READING scroll labelled CIM QAHITOQAH.
  1290 | D:1      | 1290 ||| READING scroll labelled BIWNIA SEDOKU.
  1291 | D:1      | 1291 ||| READING scroll labelled IHIOWK OPPOM.
  1294 | D:1      | 1294 ||| READING scroll labelled ISOHA DUSSA.
  1295 | D:1      | 1295 ||| READING scroll labelled YFOUNU BAUTYFA.
  1296 | D:1      | 1296 ||| DRINKING 2 blue potions.
  1297 | D:1      | 1297 ||| DROPPING scroll of blinking.
  1298 | D:1      | 1298 ||| DROPPING potion of degeneration.
  1363 | D:2      | 1363 ||| Stepping ~*~*~tactically~*~*~ (stealth).
  1377 | D:2      | Reached skill level 4 in Axes
  1377 | D:2      | Reached XP level 3. HP: 11/21 MP: 7/7
  2013 | D:2      | 2013 ||| READING scroll labelled ZEN RAXZIOCEIL.
  2014 | D:2      | 2014 ||| READING scroll labelled CUMAACZUEVA.
  2015 | D:2      | 2015 ||| DRINKING 2 dark potions.
  2016 | D:2      | 2016 ||| DROPPING potion of flight.
  2062 | D:2      | 2062 ||| Stepping randomly (stuck).
  2096 | D:2      | 2096 ||| Stepping randomly (stuck).
  2187 | D:3      | Noticed Terence
  2194 | D:3      | HP: 5/21 [Terence/+0 mace (4)]
  2197 | D:3      | Killed Terence
  2198 | D:3      | Reached XP level 4. HP: 6/26 MP: 8/8
  2454 | D:3      | 2454 ||| DROPPING +0 club.
  2470 | D:3      | 2470 ||| FLEEEEING.
  2471 | D:3      | 2471 ||| FLEEEEING.
  2475 | D:3      | 2475 ||| STAIRDANCE
  2564 | D:2      | 2564 ||| UPGRADING to +0 scale mail.
  2574 | D:2      | 2574 ||| DROPPING +0 ring mail.
  2613 | D:3      | Found a glowing golden altar of the Shining One.
  2688 | D:3      | Found a shimmering altar of Xom.
  2693 | D:3      | Reached skill level 5 in Axes
  2701 | D:3      | Gained mutation: Your magical nature lets you fly swiftly
                  | and evasively. [Tengu growth]
  2701 | D:3      | Reached XP level 5. HP: 11/30 MP: 9/9
  2704 | D:3      | Reached skill level 6 in Axes
  2847 | D:3      | 2847 ||| Stepping ~*~*~tactically~*~*~ (stealth).
  2924 | D:3      | 2924 ||| Stepping ~*~*~tactically~*~*~ (stealth).
  2926 | D:3      | 2926 ||| Stepping ~*~*~tactically~*~*~ (hiding).
  2927 | D:3      | 2927 ||| Stepping ~*~*~tactically~*~*~ (hiding).
  3143 | D:3      | HP: 7/30 [gnoll bouda/+0 club (4)]
  3146 | D:3      | Slain by a gnoll

Levels and vault maps discovered:
D:1:      saegor_arrival_simple_b, layout_basic,
          dreamdust_ecumenical_altar_statues, minivault_26
D:2:      layout_basic
D:3:      layout_basic, mainiacjoe_overflow_paths, led_xom_imps, serial_shops,
          nicolae_shop_trees, dreamdust_wishing_well, lexackson_kobold_supper,
          uniq_terence

Skill      XL: |  1  2  3  4  5 |
---------------+----------------+-----
Axes           | 3 4 5 6 |  6.6
Fighting       | |  2.0
Throwing       | |  1.0
Armour         | |  1.1
Dodging        | |  2.1
Spellcasting   | |  2.0
Translocations | |  2.4

Action                   |  1- 3 |  4- 6 || total
-------------------------+-------+-------++-------
Melee: Hand axe          |    80 |    55 ||   135
       Peck              |     8 |     7 ||    15
       Kick              |    22 |    16 ||    38
Throw: Boomerang         |     7 |       ||     7
  Use: Scroll            |     8 |       ||     8
       Potion            |     2 |       ||     2
 Stab: Distracted        |     1 |       ||     1
Armor: Leather armour    |     9 |       ||     9
       Ring mail         |     7 |     1 ||     8
       Scale mail        |       |    18 ||    18
Dodge: Dodged            |    34 |    15 ||    49

Table legend:
 A = Non-vault XP
 B = Vault XP
 C = Vault XP percentage of total XP
 D = Non-vault monster count
 E = Vault monster count
 F = Vault count percentage of total count
                 A         B        C        D         E       F
            +---------+---------+-------+---------+---------+-------
      Total |      91 |     226 |  71.3 |      38 |       5 |  11.6
            +---------+---------+-------+---------+---------+-------
        D:1 |      32 |       0 |   0.0 |      19 |       0 |   0.0
        D:2 |      23 |       0 |   0.0 |       8 |       0 |   0.0
        D:3 |      36 |     226 |  86.3 |      11 |       5 |  31.2
            +---------+---------+-------+---------+---------+-------
